 Dungeon Crawl Stone Soup version 0.32-a0-12-g7fc57aa741 (webtiles) character file.

Game seed: 12152623157806930645

177 CowFu the Cleaver (level 5, -2/35 (42) HPs)
             Began as a Hill Orc Reaver on Jan 15, 2024.
             Was an Initiate of Yredelemnul.
             Slain by Duvessa
             ... wielding a +0 short sword
              (14 damage)
             ... on level 4 of the Dungeon.
             The game lasted 00:03:08 (2030 turns).

CowFu the Cleaver (Hill Orc Reaver)                 Turns: 2030, Time: 00:03:09

HP:   -2/35 (42)    AC:  6    Str: 23    XL:     5   Next: 57%
MP:   7/7           EV: 11    Int: 13    God:    Yredelemnul [......]
Gold: 50            SH:  0    Dex:  9    Spells: 6/7 levels left

rFire   . . .        b - +10 morningstar "Eos" {elec, Halo rElec}
rCold   . . .        (no shield)
rNeg    . . .        d - +0 ring mail
rPois   .            (no helmet)
rElec   +            (no cloak)
rCorr   .            (no gloves)
SInv    .            s - +0 pair of boots
Will    .....        (no amulet) Stlth
                     g - +6 ring of strength
HPRegen 0.25/turn    (no ring)
MPRegen 0.10/turn

%: no passive effects
@: glowing, heavily drained
A: no striking features
a: Renounce Religion, Recall Undead Harvest


You were on level 4 of the Dungeon.
You worshipped Yredelemnul.
Yredelemnul was noncommittal.
You visited 1 branch of the dungeon, and saw 4 of its levels.

You collected 138 gold pieces.
You spent 88 gold pieces at shops.

Inventory:

Hand Weapons
 a - a +0 hand axe
 b - the +10 morningstar "Eos" (weapon) {elec, Halo rElec}
   (You found it on level 3 of the Dungeon)

   Halo:      It grants its wielder a halo, revealing invisible creatures and
   increasing accuracy against all within it other than the wielder.
   rElec:     It insulates you from electricity.
Missiles
 t - a throwing net
Armour
 d - a +0 ring mail (worn)
 s - a +0 pair of boots (worn)
Jewellery
 g - a +6 ring of strength (left hand)
Wands
 o - a wand of paralysis (11)
Scrolls
 e - a scroll of revelation {unknown}
 f - 2 scrolls of enchant weapon {unknown}
 h - a scroll of identify {unknown}
 j - a scroll of fog {unknown}
 k - a scroll of fear {unknown}
 l - a scroll of poison {unknown}
 n - a scroll of teleportation {unknown}
 q - a scroll of noise {unknown}
 r - a scroll of vulnerability {unknown}
Potions
 c - 5 potions of curing
 i - a potion of enlightenment {unknown}
 p - a potion of degeneration {unknown}


   Skills:
 - Level 2.4 Fighting
 + Level 8.0 Axes
 - Level 1.5 Dodging
 - Level 1.5 Spellcasting
 - Level 3.0 Conjurations


You had 6 spell levels left.
You knew the following spells:

 Your Spells              Type           Power      Damage    Failure   Level
a - Kiss of Death         Conj/Necr      16%        2d6       24%         1

Your spell library contained the following spells:

 Spells                   Type           Power      Damage    Failure   Level
 Magic Dart               Conj           32%        1d4       13%         1
 Momentum Strike          Conj/Tloc      8%         3d8       34%         2
 Blink                    Tloc           2%         N/A       54%         2
 Call Imp                 Summ           2%         N/A       54%         2
 Dazzling Flash           Conj/Hex       8%         N/A       56%         3
 Hailstorm                Conj/Ice       4%         3d5       56%         3
 Mephitic Cloud           Conj/Alch/Air  3%         N/A       65%         3
 Curse of Agony           Necr           1%         N/A       100%        5
 Silence                  Hex/Air        0%         N/A       100%        5


Dungeon Overview and Level Annotations

Branches:
Dungeon (4/15)
 Temple: D:4-7

Altars:
Yredelemnul
The Shining One

Shops:
D:2 !

Annotations:
D:4 3 runed translucent doors, Azoth's ghost, amateur OpSh; Duvessa


Message History

Dowan shouts!
Duvessa, Sister of Dowan comes into view.
She is wielding a +0 short sword.
Duvessa shouts!
There are monsters nearby!
Dowan is nearby!
Dowan completely misses you.
You barely miss Dowan. Dowan gestures at you while chanting.
The puff of frost hits you!
You puncture Dowan!
Dowan is moderately wounded.
Dowan hits you but does no damage.
You sock Dowan!
Dowan is severely wounded.
Dowan barely misses you. Duvessa hits you with a +0 short sword.
You sock Dowan!
You kill Dowan!
Duvessa screams in rage.
Duvessa goes berserk!
Duvessa barely misses you. Duvessa hits you with a +0 short sword!
* * * LOW HITPOINT WARNING * * *
Your Axes skill increases to level 8!
You are too injured to fight recklessly!
You are too injured to fight recklessly!
You are too injured to fight recklessly!
You hit Duvessa. Lightning courses through Duvessa!
Duvessa is moderately wounded.
Duvessa hits you with a +0 short sword.
* * * LOW HITPOINT WARNING * * *
Duvessa hits you with a +0 short sword.
* * * LOW HITPOINT WARNING * * *
You feel much better. Duvessa completely misses you. x2
You barely miss Duvessa.
Duvessa is moderately wounded.
Duvessa hits you with a +0 short sword. x2
You bludgeon Duvessa!!
Duvessa is severely wounded.
Duvessa hits you with a +0 short sword!
You die...
Your body rises from the dead as a mindless zombie.

###+++######..#
..........8..# .
............#
#>##.#.....#..###
................#
.....#.#..........#
....?:............#
.....[........#....
......e@...####...#
#.##.#)##..# #.# #
#.#. #..... e ..
##.#### > ... .#
.##..# .# #.. #..


You could see Duvessa (berserk).

Vanquished Creatures
  Dowan (D:4)
  Jessica (D:3)
  3 adders
  3 ribbon worms (D:2)
  A dart slug (D:1)
  2 orcs (D:3)
  5 ball pythons
  5 endoplasms
  A giant cockroach (D:2)
  4 hobgoblins
  3 jackals (D:1)
  4 kobolds
  2 quokkas
  7 bats
  14 goblins
  3 rats (D:1)
59 creatures vanquished.

Vanquished Creatures (others)
  A hobgoblin zombie (D:3)
1 creature vanquished.

Grand Total: 60 creatures vanquished

Notes
Turn   | Place    | Note
-------+----------+-------------------------------------------
     0 | D:1      | CowFu the Hill Orc Reaver began the quest for the Orb.
     0 | D:1      | Reached XP level 1. HP: 18/18 MP: 3/3
   107 | D:1      | Reached XP level 2. HP: 9/25 MP: 4/4
   115 | D:1      | Reached skill level 5 in Axes
   323 | D:1      | Reached XP level 3. HP: 28/30 MP: 5/5
   689 | D:2      | Reached skill level 6 in Axes
   748 | D:2      | Found a transporter.
   748 | D:2      | Found Voum's Distillery.
   834 | D:2      | Found a transporter.
   904 | D:2      | Reached XP level 4. HP: 6/19 MP: 4/6
  1234 | D:2      | Bought a potion of curing for 33 gold pieces
  1234 | D:2      | Bought a potion of heal wounds for 55 gold pieces
  1326 | D:3      | Found a glowing golden altar of the Shining One.
  1328 | D:3      | Noticed an angel
  1339 | D:3      | Found a basalt altar of Yredelemnul.
  1341 | D:3      | Noticed a profane servitor
  1346 | D:3      | Became a worshipper of Yredelemnul the Dark
  1372 | D:3      | Found a faded altar of an unknown god.
  1383 | D:3      | Found the +10 morningstar "Eos" {elec, Halo rElec}
  1480 | D:3      | Reached skill level 7 in Axes
  1879 | D:3      | Noticed Jessica
  1881 | D:3      | Killed Jessica
  1882 | D:3      | Reached XP level 5. HP: 9/31 MP: 7/7
  2015 | D:4      | Found a runed translucent gate.
  2015 | D:4      | Noticed Azoth's ghost (amateur OpSh)
  2016 | D:4      | Found a runed translucent gate.
  2016 | D:4      | Noticed an orc warrior
  2017 | D:4      | Found a runed translucent gate.
  2019 | D:4      | Noticed Dowan
  2019 | D:4      | Noticed Duvessa
  2026 | D:4      | Killed Dowan
  2027 | D:4      | Reached skill level 8 in Axes
  2027 | D:4      | HP: 1/35 [Duvessa/+0 short sword (3)]
  2030 | D:4      | Slain by Duvessa

Illustrated notes

Levels and vault maps discovered:
D:1:      nzn_arrival_depleted_hourglass, layout_rooms,
          minmay_misc_feat_enclosed
D:2:      layout_basic, serial_shops, nicolae_shop_drivethru
D:3:      layout_basic, grunt_temple_overflow_holy_war, basic_ecumenical_altar,
          minmay_ruptured, uniq_jessica
D:4:      layout_loops_ring, lemuel_doored_altar, grunt_temple_overflow_open,
          minmay_temple_entry_fiery, serial_glass, glass_columns_a,
          glass_columns_b, biasface_ghost_orc_armoury, minmay_shop_mass,
          uniq_duvessa

Skill      XL: |  1  2  3  4  5 |
---------------+----------------+-----
Axes           | 5 6 7 8 |  8.0
Fighting       | |  2.4
Dodging        | |  1.5
Spellcasting   | |  1.5
Conjurations   | |  3.0

Action                     |  1- 3 |  4- 6 || total
---------------------------+-------+-------++-------
  Melee: Hand axe          |   119 |    48 ||   167
         Punch             |     3 |       ||     3
         Morningstar       |       |     8 ||     8
   Cast: Kiss of Death     |     4 |       ||     4
    Use: Potion            |       |     1 ||     1
 Armour: Leather armour    |    25 |       ||    25
         Ring mail         |    70 |    34 ||   104
  Dodge: Dodged            |    73 |    29 ||   102

Table legend: (Time is in decaauts)
 A = Elapsed time spent in this place.
 B = Non-inter-level travel time spent in this place.
 C = Inter-level travel time spent in this place.
 D = Time resting spent in this place.
 E = Time spent auto-exploring this place.
 F = Levels seen in this place.
 G = Mean time per level.
                   A        B        C        D        E       F      G
               +--------+--------+--------+--------+--------+-----+--------+
         Total |   2030 |   1932 |     98 |      0 |   1500 |   4 |  507.5 |
       Dungeon |   2030 |   1932 |     98 |      0 |   1500 |   4 |  507.5 |
               +--------+--------+--------+--------+--------+-----+--------+

Top non-repeatable levels by time:
     D:3: 747 daAuts
     D:1: 688 daAuts
     D:2: 575 daAuts
     D:4: 19 daAuts
